 Dungeon Crawl Stone Soup version 0.31.0-32-g396128a36d (webtiles) character file.

Game seed: 9494294806456758886

310 spaghetti the Twirler (level 6, 0/56 HPs)
             Began as a Naga Chaos Knight on Apr 1, 2024.
             Was a Plaything of Xom.
             Slain by a goblin
             ... wielding a +0 club
             ... led by Robin
              (3 damage)
             ... on level 3 of the Dungeon.
             The game lasted 00:06:06 (2215 turns).

spaghetti the Twirler (Naga Chaos Knight)           Turns: 2215, Time: 00:06:06

Health: 0/56       AC:  8    Str: 14    XL:     6   Next: 41%
Magic:  6/6        EV:  9    Int: 15    God:    Xom [.....*]
Gold:   125        SH:  0    Dex: 10    Spells: 2/5 levels left

rFire   . . .        l - +27 heavy crossbow "Sniper" {heavy, Acc+∞ SInv}
rCold   . . .        (shield currently unavailable)
rNeg    . . .        b - +2 leather armour
rPois   +            (no helmet)
rElec   .            f - +0 cloak
rCorr   .            (no gloves)
SInv    +            (no barding)
Will    +....        (no amulet)
Stlth   ++           (no ring)
HPRegen 0.29/turn    (no ring)
MPRegen 0.10/turn

%: no passive effects
@: very slow
A: AC +2, large, see invisible, deformed body, poison resistance, slowness 2,
spit poison 1, naga tail 1, iridescent scales 1, strong-willed 1
a: Spit Poison, Renounce Religion


You were on level 3 of the Dungeon.
You worshipped Xom.
You were Xom's teddy bear.
You visited 1 branch of the dungeon, and saw 3 of its levels.

You collected 125 gold pieces.

Inventory:

Hand Weapons
 a - a +0 short sword of chaos
 l - the +27 heavy crossbow "Sniper" (weapon) {heavy, Acc+∞ SInv}
   (You acquired it on level 3 of the Dungeon)

   Acc+∞: It never misses its target.
   SInv:      It lets you see invisible.
Missiles
 j - 10 stones
Armour
 b - a +2 leather armour (worn)
 f - a +0 cloak (worn)
 g - a scarf of harm
Magical Staves
 e - a staff of death
Wands
 k - a wand of flame (19)
Scrolls
 d - 3 scrolls of identify
 h - 2 scrolls of enchant armour
 n - a scroll of noise


   Skills:
 - Level 3.0 Fighting
 - Level 3.0 Short Blades
 - Level 3.9 Staves
 + Level 3.8 Ranged Weapons
 - Level 1.5 Armour
 - Level 0.7 Dodging
 - Level 2.1 Stealth


You had 2 spell levels left.
You knew the following spells:

 Your Spells              Type           Power      Damage    Failure   Level
a - Summon Ice Beast      Ice/Summ       0%         N/A       69%         3

Your spell library contained the following spells:

 Spells                   Type           Power      Damage    Failure   Level
 Dazzling Flash           Conj/Hex       0%         N/A       69%         3
 Hailstorm                Conj/Ice       0%         3d5       69%         3
 Mephitic Cloud           Conj/Alch/Air  0%         N/A       69%         3
 Curse of Agony           Necr           0%         N/A       100%        5
 Silence                  Hex/Air        0%         N/A       100%        5
 Sculpt Simulacrum        Ice/Alch       0%         N/A       100%        6


Dungeon Overview and Level Annotations

Branches:
Dungeon (3/15)

Altars:

Annotations:
D:3 Robin


Innate Abilities, Weirdness & Mutations

Your serpentine skin is tough. (AC +2)
You have supernaturally acute eyesight. (SInv)
Armour fits poorly on your strangely shaped body.
Your system is resistant to poisons. (rPois)
You cover ground very slowly.
You can spit poison.
You have a snake-like lower body.
You are partially covered in iridescent scales. (AC +2)
You are strong-willed. (Will+)


Message History

* * * LOW HITPOINT WARNING * * *
The goblin hits you with a +0 club.
* * * LOW HITPOINT WARNING * * *
The hobgoblin barely misses you. The goblin hits you but does no damage.
It was a potion of magic.
Magic courses through your body. The goblin hits you with a +0 club.
* * * LOW HITPOINT WARNING * * *
Robin hits you but does no damage. The goblin hits you but does no damage.
The hobgoblin hits you.
* * * LOW HITPOINT WARNING * * *
The goblin closely misses you.
Okay, then.
Fire: l) +27 heavy crossbow "Sniper" {heavy, Acc+∞ SInv}
Press: ? - help, Q - select action, (/) - cycle Shift-Dir - straight line, f - Robin
Aim: Robin, wielding a +0 spear, wearing a +0 animal skin and wearing a +0 helmet (100% to hit)
You shoot a bolt. The bolt hits the hobgoblin!!
You kill the hobgoblin!
Xom's power touches on a nearby monster.
Robin evaporates and reforms as an endoplasm!
The goblin no longer looks unusually strong. x2
The goblin hits you but does no damage. The goblin barely misses you. x3
Robin freezes you.
You are frozen.
* * * LOW HITPOINT WARNING * * *
The goblin barely misses you. x2; The goblin hits you but does no damage. x2
Robin freezes you.
You are frozen.
* * * LOW HITPOINT WARNING * * *
The goblin barely misses you. The goblin hits you but does no damage.
Unknown command.
Fire: l) +27 heavy crossbow "Sniper" {heavy, Acc+∞ SInv}
Press: ? - help, Q - select action, (/) - cycle Shift-Dir - straight line, f - goblin, p - Robin
Aim: a goblin, wielding a +0 club (100% to hit)
You shoot a bolt. The bolt hits the goblin!
You kill the goblin!
The goblin no longer looks unusually strong.
Robin closely misses you. The goblin hits you but does no damage.
The goblin hits you with a +0 club.
You die... "Boring in life, boring in death..."

##..#.. #...).. ######
####...... #....#
#......... #....#
###.##......
#....#######...........
#....##......####......
#....gg).....# ##..###
#....J@####### #.## #
#?..)### ##.# ##
..$...).)..# #..###.
.....#.........
..####.#.... ....
##....#... ....>......#
... ######....
.....#.#...# .. ...
.......#...# # .$.
.....####### #####


You could see Robin the endoplasm and 2 goblins.

Vanquished Creatures
  Sigmund (D:3)
  Ijyb (D:3)
  4 adders
  2 dart slugs
  A ribbon worm (D:2)
  7 orcs (D:3)
  2 endoplasms
  2 giant cockroaches (D:3)
  12 goblins
  11 hobgoblins
  3 jackals (D:2)
  A quokka (D:1)
  6 ball pythons
  4 bats
  2 frilled lizards
  5 kobolds
  5 rats
69 creatures vanquished.

Notes
Turn   | Place    | Note
-------+----------+-------------------------------------------
     0 | D:1      | spaghetti the Naga Chaos Knight began the quest for the
                  | Orb.
     0 | D:1      | Reached XP level 1. HP: 21/21 MP: 1/1
    64 | D:1      | Reached skill level 1 in Stealth
   128 | D:1      | Reached XP level 2. HP: 23/28 MP: 2/2
   213 | D:1      | Reached skill level 1 in Staves
   534 | D:2      | Reached XP level 3. HP: 20/34 MP: 3/3
   717 | D:2      | Found a faded altar of an unknown god.
   739 | D:2      | Gained mutation: You are strong-willed. (Will+) [potion of
                  | mutation]
   739 | D:2      | Gained mutation: You are partially covered in iridescent
                  | scales. (AC +2) [potion of mutation]
   875 | D:2      | Noticed a shining eye
   878 | D:2      | Noticed an eye of devastation
   878 | D:2      | Noticed a shining eye
   878 | D:2      | Noticed a great orb of eyes
  1040 | D:2      | XOM: silly message
  1058 | D:2      | XOM: smoke on damage
  1240 | D:2      | Reached XP level 4. HP: 42/42 MP: 4/4
  1248 | D:2      | XOM: silly message
  1322 | D:2      | XOM: silly message
  1542 | D:2      | Learned a level 3 spell: Summon Ice Beast
  1648 | D:3      | Noticed Ijyb
  1651 | D:3      | XOM: potion effect (invisibility)
  1680 | D:3      | Killed Ijyb
  1746 | D:3      | XOM: god gift: 4 stones
  1892 | D:3      | Identified a scroll of acquirement
  1892 | D:3      | Acquired the +27 heavy crossbow "Sniper" {heavy, Acc+∞
                  | SInv}
  1892 | D:3      | Found the +27 heavy crossbow "Sniper" {heavy, Acc+∞ SInv}
  1907 | D:3      | XOM is BORED!
  1907 | D:3      | XOM: give mutations
  1907 | D:3      | Gained mutation: You are highly strong-willed. (Will++)
                  | [Xom's mischief]
  1907 | D:3      | Lost mutation: You are highly strong-willed. (Will++)
                  | [Xom's mischief]
  1972 | D:3      | Noticed Sigmund
  1974 | D:3      | Killed Sigmund
  1975 | D:3      | Reached XP level 5. HP: 38/49 MP: 5/5
  1975 | D:3      | Reached XP level 6. HP: 44/56 MP: 6/6
  2199 | D:3      | Noticed Robin
  2214 | D:3      | Robin changed into Robin the endoplasm
  2214 | D:3      | Noticed Robin
  2214 | D:3      | XOM: polymorph Robin -> Robin the endoplasm
  2214 | D:3      | HP: 2/56 [frozen (1)]
  2215 | D:3      | Slain by a goblin

Illustrated notes

Levels and vault maps discovered:
D:1:      sevenhm_arrival_forest_fort_small_3, layout_basic, minivault_26,
          feat_on_display
D:2:      cheibrodos_fertilizer, layout_basic,
          hellmonk_ecumenical_altar_watching_god
D:3:      layout_rooms, uniq_ijyb, uniq_robin, uniq_sigmund,
          uniq_crazy_yiuf_cottage

Skill      XL: |  1  2  3  4 |
---------------+-------------+-----
Stealth        | 2 |  2.1
Staves         | 2 3 |  3.9
Ranged Weapons | 3 |  3.8
Fighting       | |  3.0
Short Blades   | |  3.0
Armour         | |  1.5
Dodging        | |  0.7

Action                     |  1- 3 |  4- 6 || total
---------------------------+-------+-------++-------
  Melee: Staff             |   160 |    67 ||   227
         Short sword       |     3 |       ||     3
         Punch             |     2 |     1 ||     3
   Fire: Heavy crossbow    |       |    29 ||    29
Ability: Spit Poison       |     6 |     2 ||     8
    Use: Scroll            |     2 |     4 ||     6
         Potion            |     1 |     3 ||     4
   Stab: Sleeping          |     1 |     1 ||     2
         Invisible         |       |     2 ||     2
 Armour: Leather armour    |   133 |   129 ||   262
  Dodge: Dodged            |   113 |    79 ||   192
